 Dungeon Crawl Stone Soup version 0.28-a0-1555-g9ae15a6949 (webtiles) character file.

Game seed: 3994090868143228921

287 buddhastalin the Ducker (level 6, -3/50 HPs)
             Began as a Gnoll Gladiator on Jan 19, 2022.
             Was an Initiate of Okawaru.
             Blown up by Ijyb (15 damage)
             ... with a mindburst bolt
             ... on level 5 of the Dungeon.
             The game lasted 00:04:41 (4080 turns).

buddhastalin the Ducker (Gnoll Gladiator)           Turns: 4080, Time: 00:04:41

Health: -3/50      AC:  9    Str: 14    XL:     6   Next: 30%
Magic:  8/8        EV:  8    Int:  9    God:    Okawaru [......]
Gold:   86         SH:  0    Dex: 13    Spells: 8/8 levels left

rFire   . . .      SeeInvis .   a - +0 trident
rCold   . . .      Faith    .   (no shield)
rNeg    . . .      Spirit   .   f - +0 chain mail
rPois   .          Reflect  .   c - +0 helmet
rElec   .          Harm     .   (no cloak)
rCorr   +          Rampage  .   (no gloves)
Will    .....                   (no boots)
Stlth   ..........              (no amulet)
HPRegen 0.16/turn               b - ring of resist corrosion
MPRegen 0.11/turn               (no ring)

@: no status effects
A: fangs 1, strong nose, distributed training
a: Renounce Religion


You were on level 5 of the Dungeon.
You worshipped Okawaru.
Okawaru was noncommittal.
You visited 1 branch of the dungeon, and saw 5 of its levels.

You collected 142 gold pieces.
You spent 56 gold pieces at shops.

Inventory:

Hand Weapons
 a - a +0 trident (weapon)
Missiles
 d - 3 throwing nets (quivered)
Armour
 c - a +0 helmet (worn)
 f - a +0 chain mail (worn)
Jewellery
 b - a ring of resist corrosion (left hand)
Wands
 p - a wand of iceblast (3)
Scrolls
 e - a scroll of immolation {unknown}
 h - 4 scrolls of identify {unknown}
 i - 2 scrolls of enchant armour {unknown}
 j - a scroll of brand weapon {unknown}
 k - 2 scrolls of teleportation {unknown}
 n - a scroll of torment {unknown}
Potions
 l - a potion of flight
 m - a potion of invisibility {unknown}
 o - a potion of curing


   Skills:
 + Level 4.9 Fighting
 + Level 1.9 Short Blades
 + Level 1.9 Long Blades
 + Level 1.9 Axes
 + Level 1.9 Maces & Flails
 + Level 6.8 Polearms
 + Level 1.9 Staves
 + Level 1.9 Slings
 + Level 1.9 Bows
 + Level 1.9 Crossbows
 + Level 4.9 Throwing
 + Level 1.9 Armour
 + Level 6.8 Dodging
 + Level 1.9 Stealth
 + Level 1.9 Shields
 + Level 1.9 Unarmed Combat
 + Level 1.9 Spellcasting
 + Level 1.5 Conjurations
 + Level 1.5 Hexes
 + Level 1.5 Summonings
 + Level 1.5 Necromancy
 + Level 1.5 Translocations
 + Level 1.5 Transmutations
 + Level 1.5 Fire Magic
 + Level 1.5 Ice Magic
 + Level 1.5 Air Magic
 + Level 1.5 Earth Magic
 + Level 1.5 Poison Magic
 + Level 2.1 Invocations
 + Level 1.9 Evocations


You had 8 spell levels left.
You didn't know any spells.
Your spell library contained the following spells:

 Spells                   Type           Power      Damage    Failure   Level
 Magic Dart               Conj           12%        1d3       99%         1
 Searing Ray              Conj           6%         2d4       100%        2
 Fulminant Prism          Conj/Hex       1%         3d6       100%        4


Dungeon Overview and Level Annotations

Branches:
Dungeon (5/15)
 Temple: D:4-7

Altars:
Okawaru
Ru
Uskayaw
Xom

Shops:
D:4 !

Annotations:
D:5 Ijyb


Innate Abilities, Weirdness & Mutations

You have very sharp teeth.
Your uncanny sense of smell can sniff out nearby items.
Your experience applies equally to all skills.


Message History

Ijyb is lightly wounded.
Ijyb barely misses you.
You hit Ijyb. You punch Ijyb. Your bite misses Ijyb.
Ijyb is moderately wounded.
Ijyb hits you with a +0 club.
You closely miss Ijyb. Your bite misses Ijyb.
Ijyb is moderately wounded.
Ijyb hits you with a +0 club.
You hit Ijyb but do no damage. Your bite misses Ijyb.
Ijyb is moderately wounded.
Ijyb zaps a wand.
You barely resist. You hit Ijyb but do no damage.
Ijyb is moderately wounded.
Ijyb screams, "Me very upset!"
Ijyb hits you but does no damage.
You barely miss Ijyb. You bite Ijyb, but do no damage.
Ijyb is moderately wounded.
Ijyb completely misses you.
You hit Ijyb but do no damage.
Ijyb is moderately wounded.
Ijyb zaps a wand.
Your mind is blasted!
You closely miss Ijyb.
Ijyb is moderately wounded.
Ijyb hits you with a +0 club.
You hit Ijyb but do no damage.
Ijyb is moderately wounded.
Ijyb zaps a wand.
Your mind is blasted!
* * * LOW HITPOINT WARNING * * *
You are too injured to fight recklessly!
You feel much better.
Ijyb screams, "Me very upset!"
Ijyb zaps a wand.
Your mind is blasted!
* * * LOW HITPOINT WARNING * * *
You closely miss Ijyb.
Ijyb is moderately wounded.
Ijyb closely misses you.
You hit Ijyb.
Ijyb is heavily wounded.
Ijyb zaps a wand.
Your mind is blasted!
You die...

#######...#
####.........###.#
#........#<.#...#
####.###.......#
#.# ###..####
#.#####..#
#........######.
#######.........
##@.......
#g######. #.# #.#
... ... ... .#.##


You could see Ijyb.

Vanquished Creatures
  A phantom (D:4)
  A scorpion (D:4)
  A jelly (D:4)
  4 gnolls (D:3)
  2 adders (D:2)
  A dart slug (D:2)
  An orc (D:4)
  4 bats
  6 endoplasms
  4 giant cockroaches
  9 goblins
  5 hobgoblins
  2 jackals (D:1)
  6 kobolds
  4 quokkas
  7 ball pythons
  6 frilled lizards
  2 rats (D:2)
66 creatures vanquished.

Notes
Turn   | Place    | Note
-------+----------+-------------------------------------------
     0 | D:1      | buddhastalin the Gnoll Gladiator began the quest for the
                  | Orb.
     0 | D:1      | Reached XP level 1. HP: 20/20 MP: 1/1
   320 | D:1      | Reached XP level 2. HP: 26/26 MP: 2/2
   550 | D:1      | Found a faded altar of an unknown god.
   932 | D:1      | Reached XP level 3. HP: 31/31 MP: 3/3
  1296 | D:2      | Reached skill level 1 in Invocations
  1381 | D:2      | Reached skill level 1 in Short Blades
  1381 | D:2      | Reached skill level 1 in Long Blades
  1381 | D:2      | Reached skill level 1 in Axes
  1381 | D:2      | Reached skill level 1 in Maces & Flails
  1381 | D:2      | Reached skill level 1 in Staves
  1381 | D:2      | Reached skill level 1 in Slings
  1381 | D:2      | Reached skill level 1 in Bows
  1381 | D:2      | Reached skill level 1 in Crossbows
  1381 | D:2      | Reached skill level 1 in Armour
  1381 | D:2      | Reached skill level 1 in Stealth
  1381 | D:2      | Reached skill level 1 in Shields
  1381 | D:2      | Reached skill level 1 in Unarmed Combat
  1381 | D:2      | Reached skill level 1 in Spellcasting
  1381 | D:2      | Reached skill level 1 in Evocations
  1662 | D:2      | Reached XP level 4. HP: 38/38 MP: 5/5
  2054 | D:3      | Found a hide-covered altar of Uskayaw.
  2107 | D:3      | Reached skill level 1 in Conjurations
  2107 | D:3      | Reached skill level 1 in Hexes
  2107 | D:3      | Reached skill level 1 in Summonings
  2107 | D:3      | Reached skill level 1 in Necromancy
  2107 | D:3      | Reached skill level 1 in Translocations
  2107 | D:3      | Reached skill level 1 in Transmutations
  2107 | D:3      | Reached skill level 1 in Fire Magic
  2107 | D:3      | Reached skill level 1 in Ice Magic
  2107 | D:3      | Reached skill level 1 in Air Magic
  2107 | D:3      | Reached skill level 1 in Earth Magic
  2107 | D:3      | Reached skill level 1 in Poison Magic
  2435 | D:3      | Reached XP level 5. HP: 43/43 MP: 6/6
  2439 | D:3      | Found a shimmering altar of Xom.
  2985 | D:3      | Found an iron altar of Okawaru.
  2993 | D:3      | Became a worshipper of Warmaster Okawaru
  3383 | D:4      | Noticed a phantom
  3407 | D:4      | Killed a phantom
  3408 | D:4      | Reached XP level 6. HP: 19/50 MP: 8/8
  3707 | D:4      | Found Ryaz Suu's Distillery.
  3712 | D:4      | Bought a potion of curing for 42 gold pieces
  3712 | D:4      | Bought a potion of degeneration for 14 gold pieces
  4018 | D:4      | Found a sacrificial altar of Ru.
  4047 | D:5      | Entered Level 5 of the Dungeon
  4064 | D:5      | Noticed Ijyb
  4080 | D:5      | Blown up by Ijyb

Illustrated notes

Levels and vault maps discovered:
D:1:      nicolae_arrival_somewhat_less_tricky_arrival, layout_loops_corners,
          chequers_ecumenical_altar_simple_redux
D:2:      layout_loops_corners, minmay_misc_feat_columns
D:3:      layout_rooms, mainiacjoe_overflow_six_doors_small, tgw_xom,
          lemuel_coloured_pillars_altar, minmay_diced_spiral
D:4:      layout_basic, nicolae_ru_path_of_blood, serial_shops,
          kennysheep_little_box, nrook_uturn
D:5:      layout_loops_corners, minmay_temple_entry_offerings,
          grunt_decor_clamped, corexii_corridor_pit, grunt_decor_one_mirror,
          minmay_strange_pillars, uniq_ijyb

Skill      XL: |  1  2  3  4  5 |
---------------+----------------+-----
Invocations    | 1 2 |  2.1
Short Blades   | 1 |  1.9
Long Blades    | 1 |  1.9
Axes           | 1 |  1.9
Maces & Flails | 1 |  1.9
Staves         | 1 |  1.9
Slings         | 1 |  1.9
Bows           | 1 |  1.9
Crossbows      | 1 |  1.9
Armour         | 1 |  1.9
Stealth        | 1 |  1.9
Shields        | 1 |  1.9
Unarmed Combat | 1 |  1.9
Spellcasting   | 1 |  1.9
Evocations     | 1 |  1.9
Conjurations   | 1 |  1.5
Hexes          | 1 |  1.5
Summonings     | 1 |  1.5
Necromancy     | 1 |  1.5
Translocations | 1 |  1.5
Transmutations | 1 |  1.5
Fire Magic     | 1 |  1.5
Ice Magic      | 1 |  1.5
Air Magic      | 1 |  1.5
Earth Magic    | 1 |  1.5
Poison Magic   | 1 |  1.5
Fighting       | |  4.9
Polearms       | |  6.8
Throwing       | |  4.9
Dodging        | |  6.8

Action                   |  1- 3 |  4- 6 || total
-------------------------+-------+-------++-------
Melee: Trident           |   101 |   127 ||   228
       Bite              |     4 |    11 ||    15
       Punch             |       |     2 ||     2
  Use: Potion            |       |     3 ||     3
 Stab: Sleeping          |     1 |       ||     1
Armor: Leather armour    |     3 |       ||     3
       Chain mail        |    36 |    31 ||    67
Dodge: Dodged            |    26 |    29 ||    55

Table legend: (Time is in decaauts)
 A = Elapsed time spent in this place.
 B = Non-inter-level travel time spent in this place.
 C = Inter-level travel time spent in this place.
 D = Time resting spent in this place.
 E = Time spent auto-exploring this place.
 F = Levels seen in this place.
 G = Mean time per level.
                   A        B        C        D        E       F      G
               +--------+--------+--------+--------+--------+-----+--------+
         Total |   4072 |   3982 |     90 |    812 |   2679 |   5 |  814.4 |
       Dungeon |   4072 |   3982 |     90 |    812 |   2679 |   5 |  814.4 |
               +--------+--------+--------+--------+--------+-----+--------+

Top non-repeatable levels by time:
     D:1: 1131 daAuts
     D:4: 1016 daAuts
     D:3: 1013 daAuts
     D:2: 877 daAuts
     D:5: 32 daAuts
